 Dungeon Crawl Stone Soup version 0.31.0-32-g396128a36d (webtiles) character file.

Game seed: 8912030112834067674

148 jagang the Slasher (level 5, -3/41 HPs)
             Began as a Human Monk on Mar 12, 2024.
             Slain by a gnoll
             ... wielding a +0 halberd
              (8 damage)
             ... on level 3 of the Dungeon.
             The game lasted 00:04:23 (1965 turns).

jagang the Slasher (Human Monk)                     Turns: 1965, Time: 00:04:24

Health: -3/41      AC: 16    Str: 11    XL:     5   Next: 30%
Magic:  5/5        EV:  6    Int: 11    God:
Gold:   193        SH:  0    Dex: 20    Spells: 4/4 levels left

rFire   . . .        g - +5 flail "Piuph" {protect, rN+ Dex+3}
rCold   . . .        d - orb {light}
rNeg    + . .        n - +0 chain mail
rPois   .            (no helmet)
rElec   .            l - +0 cloak
rCorr   .            (no gloves)
SInv    .            (no boots)
Will    .....        (no amulet) Stlth
                     (no ring)
HPRegen 0.26/turn    (no ring)
MPRegen 0.09/turn

%: no passive effects
@: under a protective aura, glowing
A: explore regen
a: no special abilities


You were on level 3 of the Dungeon.
You visited 1 branch of the dungeon, and saw 3 of its levels.

You collected 193 gold pieces.

Inventory:

Hand Weapons
 a - a +0 falchion
 g - the +5 flail "Piuph" (weapon) {protect, rN+ Dex+3}
   (You found it on level 2 of the Dungeon)

   Dex+3:     It affects your dexterity (+3).
   rN+:       It protects you from negative energy.
 v - a +0 great sword
Missiles
 h - 6 poisoned darts (quivered)
Armour
 d - an orb of light (worn)
 k - a +0 tower shield
 l - a +0 cloak (worn)
 n - a +0 chain mail (worn)
Scrolls
 e - a scroll of butterflies {unknown}
 i - 3 scrolls of revelation {unknown}
 m - 2 scrolls of fear {unknown}
 o - a scroll of enchant armour {unknown}
 p - 2 scrolls of blinking {unknown}
 r - a scroll of fog {unknown}
 s - a scroll of vulnerability {unknown}
 w - a scroll of identify {unknown}
Potions
 b - a potion of attraction {unknown}
 c - 2 potions of ambrosia
 f - a potion of mutation {unknown}
 j - a potion of curing {unknown}
 q - 3 potions of degeneration {unknown}
 t - a potion of heal wounds {unknown}
 u - a potion of brilliance {unknown}
 x - a potion of haste {unknown}


   Skills:
 - Level 3.2 Fighting
 - Level 4.0 Long Blades
 * Level 2.9 Maces & Flails
 - Level 3.0 Dodging
 + Level 2.1 Shields


You had 4 spell levels left.
You didn't know any spells.
Your spell library was empty.

Dungeon Overview and Level Annotations

Branches:
Dungeon (3/15)

Altars:


Innate Abilities, Weirdness & Mutations

You regain HP and MP as you explore.


Message History

The gnoll is heavily wounded.
The gnoll hits you but does no damage.
The gnoll hits you from afar with a +0 halberd.
You hit the gnoll.
The gnoll is almost dead.
The gnoll barely misses you.
The gnoll hits you from afar with a +0 halberd.
You hit the gnoll.
You kill the gnoll!
The gnoll barely misses you.
You hit the goblin.
You kill the goblin!
The gnoll hits you from afar with a +0 halberd. x2
You are too injured to fight recklessly!
You are too injured to fight recklessly!
You are too injured to fight recklessly!
The orc attacks as it pursues you! The orc hits you but does no damage.
You sock the orc!
You kill the orc!
You sock the orc!
You kill the orc!
The gnoll barely misses you. The gnoll hits you but does no damage.
The gnoll barely misses you.
Items here: ( )) [ ††.
Unknown command.
You hit the gnoll.
The gnoll is moderately wounded.
The gnoll hits you with a +0 spear.
* * * LOW HITPOINT WARNING * * *
The gnoll barely misses you.
You hit the gnoll.
The gnoll is severely wounded.
The gnoll hits you with a +0 spear.
* * * LOW HITPOINT WARNING * * *
The gnoll hits you from afar with a +0 halberd.
* * * LOW HITPOINT WARNING * * *
The gnoll hits you with a +0 spear.
* * * LOW HITPOINT WARNING * * *
The gnoll hits you from afar with a +0 halberd!
You die...

#.##########.# #.#
# #.# #.# #.. <.
#.# #.# .... ...
#.# #.# ...### ####
#.# #.# .....
#.##########..
...8..
#.........####...~~
#########.###o...~~
#..@gg>..~~
#######..~~ .


You could see 2 gnolls and an orc.

Vanquished Creatures
  An orc priest (D:3)
  2 gnolls (D:3)
  3 adders (D:2)
  2 dart slugs (D:1)
  2 ribbon worms
  6 orcs (D:3)
  6 ball pythons
  4 endoplasms
  A giant cockroach (D:1)
  5 goblins
  3 hobgoblins
  3 jackals (D:2)
  2 kobolds
  4 quokkas
  6 bats
  3 frilled lizards
  8 rats
61 creatures vanquished.

Notes
Turn   | Place    | Note
-------+----------+-------------------------------------------
     0 | D:1      | jagang the Human Monk began the quest for the Orb.
     0 | D:1      | Reached XP level 1. HP: 18/18 MP: 1/1
    35 | D:1      | You fall into a shaft and drop 1 floor!
    58 | D:2      | Identified the +5 flail "Piuph" {protect, rN+ Dex+3}
   210 | D:1      | Reached XP level 2. HP: 24/24 MP: 2/2
   814 | D:1      | Reached XP level 3. HP: 29/29 MP: 3/3
  1072 | D:2      | Reached skill level 1 in Maces & Flails
  1072 | D:2      | Reached skill level 1 in Shields
  1134 | D:2      | Reached skill level 4 in Long Blades
  1261 | D:2      | Reached XP level 4. HP: 35/35 MP: 4/4
  1731 | D:3      | Reached XP level 5. HP: 40/41 MP: 5/5
  1965 | D:3      | Slain by a gnoll

Illustrated notes

Levels and vault maps discovered:
D:1:      zaba_arrival_water, layout_loops_ring, serial_aquarium,
          aquarium_bridge_square [aquarium_subvault_balcony,
          aquarium_subvault_bridge, aquarium_subvault_wall,
          aquarium_subvault_window], aquarium_bridge_long_separate
          [aquarium_subvault_wall, aquarium_subvault_bridge,
          aquarium_subvault_bridge, aquarium_subvault_wall,
          aquarium_subvault_bridge, aquarium_subvault_bridge],
          aquarium_window_3, aquarium_window_1, aquarium_window_fake,
          aquarium_window_fake, aquarium_view_2a, aquarium_view_2c,
          chequers_jeans, minmay_misc_feat_tiny, minmay_misc_feat_x
D:2:      minmay_general_purpose_star, layout_rooms, serial_glass,
          glass_columns_b, glass_columns_b, glass_columns_c, glass_columns_c,
          glass_columns_a, glass_columns_b, glass_columns_b, glass_columns_c,
          glass_columns_b, glass_columns_b, minmay_misc_feat_square,
          kennysheep_generic_room_12
D:3:      cheibrodos_pilgrimage, layout_loops_ring, st_stairs_2,
          serial_park_tiny_pond

Skill      XL: |  1  2  3  4  5 |
---------------+----------------+-----
Maces & Flails | 1 2 |  2.9
Shields        | 1 2 |  2.1
Long Blades    | 4 |  4.0
Fighting       | |  3.2
Dodging        | |  3.0

Action                     |  1- 3 |  4- 6 || total
---------------------------+-------+-------++-------
  Melee: Falchion          |    12 |       ||    12
         Flail             |    52 |    60 ||   112
 Armour: Robe              |    12 |       ||    12
         Ring mail         |    17 |       ||    17
         Chain mail        |    20 |    79 ||    99
  Dodge: Dodged            |    45 |    32 ||    77
